 Dungeon Crawl Stone Soup version 0.24.0-123-gd5b16e6ec5 (webtiles) character file.

Game seed: 3158695493143637660, levelgen mode: deterministic

536 McKennaii the Conjurer (level 7, -3/51 HPs)
             Began as a Grey Draconian Conjurer on Jan 19, 2020.
             Slain by an orc warrior
             ... wielding a +0 scimitar
              (15 damage)
             ... on level 6 of the Dungeon.
             The game lasted 00:10:09 (4002 turns).

McKennaii the Conjurer (Grey Draconian Conjurer)    Turns: 4002, Time: 00:10:09

Health: -3/51      AC: 11    Str: 10 (13) XL:     7   Next: 4%
Magic:  1/14       EV: 12    Int: 23 (26) God:
Gold:   122        SH:  0    Dex: 10 (11) Spells: 15/16 levels left

rFire    . . .     SeeInvis .   n - +1 spear
rCold    . . .     Gourm    .   (no shield)
rNeg     . . .     Faith    .   (armour unavailable)
rPois    .         Spirit   .   (helmet restricted)
rElec    .         Reflect  .   (no cloak)
rCorr    .         Harm     .   (no gloves)
MR       .....                  (no boots)
Stlth    ++........             (no amulet)
HPRegen  0.17/turn              (no ring)
MPRegen  0.14/turn              (no ring)

@: brilliant
A: walk through water, unfitting armour, clever 2, strong 1, unbreathing,
evolution 1, cold-blooded, AC +11
a: no special abilities


You were on level 6 of the Dungeon.
You were hungry.

You visited 1 branch of the dungeon, and saw 5 of its levels.

You collected 122 gold pieces.

Inventory:

Hand Weapons
 n - a +1 spear (weapon)
Scrolls
 d - a scroll of teleportation {unknown}
 e - a scroll of enchant weapon
 g - a scroll of fear
 h - a scroll of fog {unknown}
 i - 4 scrolls of identify
 j - a scroll of noise {unknown}
Potions
 m - a potion of degeneration
Comestibles
 b - 5 rations


   Skills:
 + Level 0.5 Fighting
 + Level 1.3 Polearms
 - Level 1.7 Dodging
 + Level 3.0 Stealth
 * Level 5.3 Spellcasting
 + Level 5.6 Conjurations


You had 15 spell levels left.
You knew the following spells:

 Your Spells              Type           Power        Failure   Level  Hunger
a - Magic Dart            Conj           ####         1%          1    None

Your spell library contained the following spells:

 Spells                   Type           Power        Failure   Level  Hunger
 Blink                    Tloc           N/A          1%          2    None
 Call Imp                 Summ           ###.....     1%          2    None
 Searing Ray              Conj           #####.       1%          2    None
 Slow                     Hex            ###.....     1%          2    None
 Conjure Flame            Conj/Fire      ####....     1%          3    ##.....
 Dazzling Spray           Conj/Hex       ####..       1%          3    ##.....
 Mephitic Cloud           Conj/Pois/Air  ####....     1%          3    ##.....
 Iskenderun's Mystic Bla  Conj           #####...     1%          4    ####...
 Force Lance              Conj/Tloc      ####....     3%          4    ####...
 Fulminant Prism          Conj/Hex       ####......   3%          4    ####...


Dungeon Overview and Level Annotations

Branches:
Dungeon (4/15)
 Temple: D:4-7

Altars:
Hepliaklqana
Nemelex Xobeh
Trog
Uskayaw


Innate Abilities, Weirdness & Mutations

You can walk through water.
Your dull iron-grey scales are very hard. (AC +11)
You cannot fit into any form of body armour.
You can survive without breathing.
You are cold-blooded and may be slowed by cold attacks.
Your mind is very acute. (Int +4)
Your muscles are strong. (Str +2)
You evolve.


Message History

The orc warrior is moderately wounded.
The orc warrior hits you but does no damage.
Casting: Magic Dart (safe; 1% risk of failure)
Confirm with . or Enter, or press ? or * to list all spells.
Aiming: Magic Dart (safe; 1% risk of failure)
Press: ? - help, Shift-Dir - straight line, f/p - orc warrior
Aim: an orc warrior, wielding a +0 scimitar and wearing a +2 chain mail of poison resistance (moderately wounded)
The magic dart hits the orc warrior.
The orc warrior is heavily wounded.
The orc warrior closely misses you.
It was a potion of degeneration.
There was something very wrong with that liquid.
You feel weakened.
You feel dopey.
You feel clumsy.
The orc warrior hits you with a +0 scimitar!
* * * LOW HITPOINT WARNING * * *
It was a potion of mutation.
You feel extremely strange.
You feel nature experimenting on you.
Don't worry, failures die fast.
You feel clever.
You feel stronger.
You feel clever.
The orc warrior hits you with a +0 scimitar!
You die...

.o####....# ###....#
§..o.o†...###......#
##.#######....#....#
##.###>...# .# #.# #....#
.# ######)### .# #.<##))#
.# #..##)## .# #..##@# .#
#..##o####### .#
#....o..#...## .#
##.#.........# .######
###............#
.##.#.#####..............#
......o.....##....)......#
......####..###.>.......##
...........## ##...#...##


You could see an orc warrior and an orc.

Vanquished Creatures
  An ogre (D:6)
  3 bullfrogs (D:6)
  2 orc wizards (D:6)
  An orc priest (D:6)
  A worker ant (D:4)
  Robin (D:2)
  4 adders
  3 worms (D:2)
  3 dart slugs
  4 leopard geckos
  6 orcs
  4 giant cockroaches
  14 goblins
  9 hobgoblins
  3 jackals (D:3)
  4 quokkas
  A ball python (D:2)
  4 bats
  A frilled lizard (D:1)
  5 kobolds
  A quokka skeleton (D:4)
  7 rats
82 creatures vanquished.

Notes
Turn   | Place    | Note
-------+----------+-------------------------------------------
     0 | D:1      | McKennaii the Draconian Conjurer began the quest for the
                  | Orb.
     0 | D:1      | Reached XP level 1. HP: 14/14 MP: 3/3
   326 | D:1      | Reached XP level 2. HP: 7/20 MP: 0/5
  1112 | D:2      | Reached XP level 3. HP: 26/26 MP: 0/6
  1949 | D:2      | Noticed Robin
  1995 | D:2      | Reached XP level 4. HP: 33/33 MP: 3/8
  2035 | D:2      | Killed Robin
  2681 | D:3      | Found a hide-covered altar of Uskayaw.
  2763 | D:3      | Found a bloodstained altar of Trog.
  2864 | D:3      | Reached skill level 5 in Conjurations
  3283 | D:3      | Found a hazy altar of Hepliaklqana.
  3475 | D:4      | Found a sparkling altar of Nemelex Xobeh.
  3487 | D:4      | Reached XP level 5. HP: 31/38 MP: 0/10
  3567 | D:4      | You fall into a shaft and drop 2 floors!
  3608 | D:6      | Reached skill level 1 in Polearms
  3631 | D:6      | Reached XP level 6. HP: 25/45 MP: 6/12
  3957 | D:6      | Reached skill level 5 in Spellcasting
  3962 | D:6      | Your scales start taking on a dull iron-grey colour.
  3962 | D:6      | Reached XP level 7. HP: 38/51 MP: 3/14
  3962 | D:6      | Gained mutation: You can survive without breathing. [Grey
                  | Draconian growth]
  4002 | D:6      | Gained mutation: You evolve. [potion of mutation]
  4002 | D:6      | Gained mutation: Your mind is acute. (Int +2) [potion of
                  | mutation]
  4002 | D:6      | Gained mutation: Your muscles are strong. (Str +2) [potion
                  | of mutation]
  4002 | D:6      | Gained mutation: Your mind is very acute. (Int +4) [potion
                  | of mutation]
  4002 | D:6      | Slain by an orc warrior

Levels and vault maps discovered:
D:1:      minmay_arrival_stone_box, layout_loops_ring
D:2:      layout_loops_corners, uniq_robin
D:3:      layout_loops_ring, nicolae_overflow_crystal_walls,
          lemuel_doored_altar, lemuel_round_altar, first_ration
D:4:      layout_cave_pools, nemelex_xobeh_ov_fountains_minmay, serial_shops,
          shop, uniq_sigmund
D:6:      layout_rooms, basic_altar, gup_sewer_entry_spiral

Skill      XL: |  1  2  3  4  5  6 |
---------------+-------------------+-----
Stealth        | 2 3 |  3.0
Spellcasting   | 3 4 5 |  5.3
Conjurations   | 5 |  5.6
Polearms       | 1 |  1.3
Fighting       | |  0.5
Dodging        | |  1.7

Action                   |  1- 3 |  4- 6 |  7- 9 || total
-------------------------+-------+-------+-------++-------
Melee: Unarmed           |    21 |    12 |       ||    33
       Tailslap          |     4 |     4 |       ||     8
       Spear             |       |    21 |       ||    21
 Cast: Magic Dart        |    92 |   127 |     9 ||   228
  Use: Scroll            |     1 |     3 |       ||     4
       Potion            |       |     4 |     3 ||     7
  Eat: Chunk             |     4 |     6 |       ||    10
Armor: Skin              |     9 |    24 |     3 ||    36
Dodge: Dodged            |    18 |    64 |     7 ||    89
